 Seeded DCSS version 0.29-a0-23-ga79f92ac9c (webtiles) character file.

Game seed: 10000000000011 (custom seed)

18070 knot the Severer (level 12, -1/121 HPs)
             Began as a Demonspawn Berserker on Jan 31, 2022.
             Was a Believer of Trog.
             Succumbed to a black mamba's poison
             ... on level 3 of the Lair of Beasts.
             The game lasted 00:22:39 (16821 turns).

knot the Severer (Demonspawn Berserker)            Turns: 16821, Time: 00:22:40

Health: -1/121     AC: 14    Str: 18    XL:     12   Next: 24%
Magic:  9/22       EV:  8    Int: 18    God:    Trog [**....]
Gold:   325        SH:  5    Dex: 13    Spells: 11/11 levels left

rFire   . . .      SeeInvis .   H - +0 battleaxe (venom)
rCold   + . .      Faith    .   (shield currently unavailable)
rNeg    . . .      Spirit   +   y - +1 chain mail of Urghimes {Fly rPois rC+ Slay-2 Stlth+}
rPois   +          Reflect  +   r - +3 hat of Pondering {ponderous, Will+ MP+10 Int+5}
rElec   .          Harm     .   q - +1 cloak {Stlth+}
rCorr   +          Rampage  .   (gloves unavailable)
Will    ++...                   (no boots)
Stlth   ..........              d - amulet of reflection
HPRegen 0.30/turn               h - ring of resist corrosion
MPRegen 0.36/turn               B - ring of willpower

@: berserking (expiring), lethally poisoned (-1 -> -18), flying, very quick
A: powered by death 1, magic shield, magic regeneration, magic link, sturdy
frame 1, demonic touch 3
a: Renounce Religion, Berserk, Trog's Hand


You were on level 3 of the Lair of Beasts.
You worshipped Trog.
Trog was pleased with you.
You visited 2 branches of the dungeon, and saw 12 of its levels.

You collected 665 gold pieces.
You spent 340 gold pieces at shops.

Inventory:

Hand Weapons
 b - a +2 hand axe
 w - a +3 scimitar of flaming
 H - a +0 battleaxe of venom (weapon)
Missiles
 f - 256 stones (quivered)
 l - 6 poisoned darts
 x - 22 sling bullets
 z - a throwing net
 D - a curare-tipped dart
Armour
 q - a +1 cloak of stealth (worn)
 r - the +3 hat of Pondering (worn) {ponderous, Will+ MP+10 Int+5}
   (You found it on level 8 of the Dungeon)

   Int:       It affects your intelligence (+5).
   MP:        It affects your magic capacity (+10).
   Will:      It increases your willpower.
 s - a +2 robe of fire resistance
 y - the +1 chain mail of Urghimes (worn) {Fly rPois rC+ Slay-2 Stlth+}
   (You bought it in a shop on level 3 of the Dungeon)

   Slay:      It affects your accuracy & damage with ranged weapons and melee
   (-2).
   rC:        It protects you from cold.
   rPois:     It protects you from poison.
   Fly:       It grants you flight.
   Stlth:     It makes you more stealthy.
 C - a +2 robe of cold resistance
Jewellery
 d - an amulet of reflection (around neck)
 h - a ring of resist corrosion (left hand)
 B - a ring of willpower (right hand)
Wands
 g - a wand of flame (24)
 i - a wand of iceblast (13)
 o - a wand of polymorph (14)
 G - a wand of paralysis (2)
Scrolls
 c - a scroll of amnesia
 j - 2 scrolls of teleportation
 k - 4 scrolls of identify
 m - 5 scrolls of blinking
 n - a scroll of fog
 u - a scroll of holy word
Potions
 a - a potion of resistance
 e - a potion of invisibility
 p - a potion of flight {unknown}
 t - a potion of brilliance
 v - 4 potions of curing
 A - 2 potions of attraction


   Skills:
 - Level 3.0 Fighting
 * Level 16.9 Axes
 * Level 7.5 Throwing
 - Level 1.7 Armour
 - Level 1.7 Dodging


You had 11 spell levels left.
You didn't know any spells.
Your spell library contained the following spells:

 Spells                   Type           Power      Damage    Failure   Level
 Pain                     Necr           0%         1d4       85%         1
 Sandblast                Erth           0%         2d4       85%         1
 Corpse Rot               Necr/Air       0%         N/A       94%         2
 Ensorcelled Hibernation  Hex/Ice        0%         N/A       94%         2
 Passwall                 Tmut/Erth      0%         N/A       94%         2
 Poisonous Vapours        Pois/Air       0%         N/A       94%         2
 Ozocubu's Armour         Ice            0%         N/A       99%         3
 Stone Arrow              Conj/Erth      0%         3d7       99%         3
 Summon Guardian Golem    Hex/Summ       0%         N/A       99%         3
 Swiftness                Air            0%         N/A       99%         3
 Tukima's Dance           Hex            0%         N/A       99%         3
 Anguish                  Hex/Necr       0%         N/A       100%        4
 Agony                    Necr           0%         N/A       100%        5
 Excruciating Wounds      Necr           0%         N/A       100%        5
 Metabolic Englaciation   Hex/Ice        0%         N/A       100%        5
 Simulacrum               Ice/Necr       0%         N/A       100%        6
 Enfeeble                 Hex            0%         N/A       100%        7
 Orb of Destruction       Conj           0%         9d5       100%        7
 Spellforged Servitor     Conj/Summ      0%         N/A       100%        7


Dungeon Overview and Level Annotations

Branches:
Dungeon (9/15)             Temple (0/1) D:4            Lair (3/6) D:9
  Swamp (0/4) Lair:2
  Snake: Lair:2-4    Spider: Lair:2-4       Orc: D:9-12

Altars:
Okawaru
Ru
Uskayaw

Shops:
D:3 [   D:8 :

Annotations:
D:8 2 runed translucent doors, AuraOfTheDawn's ghost, novice GnFi
Lair:3 3 runed translucent doors


Innate Abilities, Weirdness & Mutations

You regenerate a little health from kills.
When hurt, damage is shared between your health and your magic reserves.
You regenerate magic rapidly.
When low on magic, you restore magic in place of health.
Your movements are slightly less encumbered by armour. (ER -2)
Your touch may irresistibly damage your foes and sap their willpower.


Message History

You slice the black mamba!!
The black mamba is almost dead.
You feel sick.
The black mamba bites you but does no damage.
You closely miss the black mamba.
The black mamba is almost dead.
You feel sick.
The black mamba bites you but does no damage.
You barely miss the black mamba.
The black mamba is almost dead.
You feel sick. The black mamba bites you.
* * * LOW HITPOINT WARNING * * *
You closely miss the black mamba.
The black mamba is almost dead.
You feel sick. The black mamba bites you.
* * * LOW HITPOINT WARNING * * *
You barely miss the black mamba.
The black mamba is almost dead.
You feel sick.
The black mamba bites you but does no damage.
You closely miss the black mamba.
The black mamba is almost dead.
You feel sick. The black mamba bites you!
* * * LOW HITPOINT WARNING * * *
You are lethally poisoned!
The black mamba poisons you!
You miss the black mamba.
The black mamba is almost dead.
* * * LOW HITPOINT WARNING * * *
You feel very sick. The black mamba bites you.
* * * LOW HITPOINT WARNING * * *
You slash the black mamba!
You kill the black mamba!
Trog accepts your kill.
* * * LOW HITPOINT WARNING * * *
You feel very sick.
You are too berserk!
Unknown command.
You die...

.......P# ####.P#
...###### #.## #.##
#..# ### ##.# #..##
. ##..## ## #..
##...#### .##....
##.....#P# .......
#.@.##...###.......
#).####......(.(...
##.# ##.#.#.##.##.
### #######


There were no monsters in sight!

Vanquished Creatures
  3 hydras
  Harold (D:8)
  Erica (D:8)
  A two-headed ogre (D:8)
  2 black mambas
  Joseph (D:7)
  6 cane toads
  A komodo dragon (Lair:1)
  A kobold demonologist (D:5)
  Prince Ribbit (D:8)
  9 blink frogs
  4 dream sheep (Lair:1)
  17 yaks
  2 basilisks
  An acid dragon (D:9)
  6 water moccasins
  Duvessa (D:4)
  2 orc warriors
  A black bear (D:5)
  A necrophage (D:6)
  An ice beast (D:7)
  19 wolves
  4 ogres
  A boggart (D:5)
  A centaur (D:8)
  A phantom (D:6)
  6 scorpions
  6 bullfrogs
  2 wyvern zombies (D:7)
  A wyvern skeleton (D:7)
  Dowan (D:4)
  8 killer bees (D:9)
  9 wights
  3 howler monkeys (D:9)
  2 centaur zombies
  3 orc priests
  3 hounds
  2 jellies
  3 centaur skeletons
  2 bullfrog skeletons
  Ijyb (D:4)
  4 orc wizards
  A scorpion zombie (D:5)
  7 adders
  A shadow imp (D:7)
  A white imp (D:5)
  A worm (Lair:1)
  19 orcs
  6 endoplasms
  2 giant cockroaches
  5 goblins
  5 hobgoblins
  14 jackals
  A quokka (D:4)
  4 ball pythons
  7 bats
  5 frilled lizards
  5 kobolds
  5 rats
234 creatures vanquished.

Vanquished Creatures (collateral kills)
  An orc warrior (D:9)
  A wolf (Lair:2)
  A kobold brigand (D:7)
  A kobold (D:7)
4 creatures vanquished.

Vanquished Creatures (others)
  An orc (D:7)
  A kobold (D:7)
  30 fungi
  16 plants
48 creatures vanquished.

Grand Total: 286 creatures vanquished

Notes
Turn   | Place    | Note
-------+----------+-------------------------------------------
     0 | D:1      | knot the Demonspawn Berserker began the quest for the Orb.
     0 | D:1      | Reached XP level 1. HP: 18/18 MP: 1/1
   153 | D:1      | Reached skill level 3 in Axes
   304 | D:1      | Gained mutation: You regenerate magic rapidly. [demonic
                  | ancestry]
   304 | D:1      | Reached XP level 2. HP: 20/24 MP: 2/2
  1320 | D:2      | Gained mutation: Your touch may inflict minor irresistible
                  | damage on your foes. [demonic ancestry]
  1320 | D:2      | Reached XP level 3. HP: 29/29 MP: 3/3
  1446 | D:2      | Reached skill level 4 in Axes
  2082 | D:2      | Reached XP level 4. HP: 35/35 MP: 4/4
  2512 | D:3      | Noticed an ogre
  2520 | D:3      | Killed an ogre
  2521 | D:3      | Reached skill level 5 in Axes
  2521 | D:3      | Reached XP level 5. HP: 41/41 MP: 5/5
  2762 | D:3      | Found Daocsar's Antique Armour Emporium.
  3475 | D:4      | Found a staircase to the Ecumenical Temple.
  3498 | D:4      | Noticed Duvessa
  3498 | D:4      | Noticed Dowan
  3510 | D:4      | Noticed Ijyb
  3522 | D:4      | Killed Duvessa
  3523 | D:4      | Reached skill level 6 in Axes
  3523 | D:4      | Gained mutation: Your touch may inflict irresistible damage
                  | on your foes. [demonic ancestry]
  3523 | D:4      | Reached XP level 6. HP: 34/47 MP: 6/6
  3532 | D:4      | Killed Dowan
  3543 | D:4      | Killed Ijyb
  3867 | D:4      | Reached skill level 7 in Axes
  4457 | D:5      | Entered Level 5 of the Dungeon
  4506 | D:5      | Noticed a kobold demonologist
  4513 | D:5      | Killed a kobold demonologist
  4514 | D:5      | Reached skill level 8 in Axes
  4514 | D:5      | Gained mutation: When hurt, damage is shared between your
                  | health and your magic reserves. [demonic ancestry]
  4514 | D:5      | Reached XP level 7. HP: 52/52 MP: 7/7
  4686 | D:5      | You fall into a shaft and drop 2 floors!
  5129 | D:7      | Reached skill level 9 in Axes
  5129 | D:7      | Gained mutation: You regenerate a little health from kills.
                  | [demonic ancestry]
  5129 | D:7      | Reached XP level 8. HP: 58/58 MP: 6/8
  5739 | D:5      | Found a hide-covered altar of Uskayaw.
  5770 | D:5      | Reached skill level 10 in Axes
  6164 | D:3      | Bought a runed cloak for 150 gold pieces
  6745 | D:6      | Reached skill level 11 in Axes
  6757 | D:6      | Gained mutation: Your touch may irresistibly damage your
                  | foes and sap their willpower. [demonic ancestry]
  6757 | D:6      | Reached XP level 9. HP: 52/63 MP: 7/9
  7376 | D:6      | Found an iron altar of Okawaru.
  7580 | D:7      | Reached ** piety under Trog
  7603 | D:7      | Noticed Joseph
  7619 | D:7      | Killed Joseph
  7620 | D:7      | Reached skill level 12 in Axes
  7900 | D:7      | Found a sacrificial altar of Ru.
  8409 | D:3      | Bought an ichor-stained chain mail for 190 gold pieces
  8409 | D:3      | Identified the +1 chain mail of Urghimes {Fly rPois rC+
                  | Slay-2 Stlth+} (You bought it in a shop on level 3 of the
                  | Dungeon)
  8602 | D:8      | Noticed Harold
  8616 | D:8      | Killed Harold
  8617 | D:8      | Reached skill level 13 in Axes
  8809 | D:8      | Noticed a two-headed ogre
  8821 | D:8      | Killed a two-headed ogre
  8822 | D:8      | Reached XP level 10. HP: 70/70 MP: 5/10
  9452 | D:8      | Found the +3 hat of Pondering {ponderous, Will+ MP+10
                  | Int+5}
  9825 | D:8      | Found a large runed translucent door.
  9825 | D:8      | Found a large runed translucent door.
  9826 | D:8      | Noticed AuraOfTheDawn's ghost (novice GnFi)
  9866 | D:8      | Noticed Erica
  9875 | D:8      | Killed Erica
  9876 | D:8      | Reached skill level 14 in Axes
  9994 | D:8      | Noticed Prince Ribbit
 10059 | D:8      | Killed Prince Ribbit
 10529 | D:8      | Found Yhyquem's Self-Improvement Boutique.
 11921 | D:9      | Reached skill level 15 in Axes
 12066 | D:9      | Found a staircase to the Lair.
 12640 | Lair:1   | Entered Level 1 of the Lair of Beasts
 12749 | Lair:1   | Noticed a black mamba
 12761 | Lair:1   | Killed a black mamba
 12918 | Lair:1   | Noticed a cane toad
 12931 | Lair:1   | Killed a cane toad
 13033 | Lair:1   | Reached skill level 1 in Throwing
 13178 | Lair:1   | Gained mutation: Your movements are slightly less
                  | encumbered by armour. (ER -2) [demonic ancestry]
 13178 | Lair:1   | Reached XP level 11. HP: 75/75 MP: 11/11
 13304 | Lair:1   | Noticed Maggie
 13308 | Lair:1   | Noticed Maggie
 13308 | Lair:1   | Maggie changed into Maggie the worm
 13312 | Lair:1   | Killed Maggie the worm
 13937 | Lair:1   | Noticed a five-headed hydra
 14120 | Lair:2   | Reached skill level 16 in Axes
 14206 | Lair:2   | Reached skill level 5 in Throwing
 14701 | Lair:1   | Killed a one-headed hydra
 15422 | Lair:2   | Found a staircase to the Swamp.
 15878 | Lair:2   | Gained mutation: When low on magic, you restore magic in
                  | place of health. [demonic ancestry]
 15878 | Lair:2   | Reached XP level 12. HP: 81/81 MP: 12/12
 15995 | Lair:2   | Noticed a six-headed hydra
 16019 | Lair:2   | Killed a two-headed hydra
 16689 | Lair:3   | Found a runed translucent gate.
 16690 | Lair:3   | Found a runed translucent gate.
 16691 | Lair:3   | Found a runed translucent gate.
 16708 | Lair:3   | Noticed a seven-headed hydra
 16729 | Lair:3   | Killed a two-headed hydra
 16819 | Lair:3   | HP: 6/121 [poisoned by a black mamba]
 16820 | Lair:3   | HP: 2/121 [poisoned by a black mamba]
 16821 | Lair:3   | Succumbed to a black mamba's poison

Illustrated notes

Levels and vault maps discovered:
D:1:      lordsloth_arrival_two_stooges, layout_basic, grunt_decor_fettered,
          minmay_misc_feat_diagonals, nicolae_concentric_dashed_squares_wild
D:2:      layout_rooms, hangedman_decor_clover_reticule
D:3:      layout_basic, serial_shops, shop, kennysheep_path_1
D:4:      layout_rooms, temple_doors_e, uniq_duvessa, uniq_ijyb
D:5:      layout_loops_cross, nicolae_uskayaw_suspiria, item_on_display_a
D:6:      layout_rooms, nicolae_overflow_hidden_temple, grunt_ministairs_6
D:7:      layout_loops_ring, nicolae_ru_awakened_eye, palyth_stone_intersect,
          minmay_misc_feat_alley, minivault_27, uniq_joseph
D:8:      layout_loops_ring, ebering_ghost_disaster_area,
          nicolae_shop_self_help, uniq_harold, uniq_erica, uniq_prince_ribbit1
D:9:      layout_grid_maze, grunt_lair_entry_orc_guard_hut
Lair:1:   layout_small_grid, minivault_27, grunt_forest_small_clearing_treed,
          uniq_maggie
Lair:2:   layout_cave_pods, swamp_mist_pool
Lair:3:   layout_cave_pods, dummy_spider_entry, gammafunk_ghost_cemetery,
          beast_lair_carwin_4, uniq_snorg

Skill      XL: |  1  2  3  4  5  6  7  8  9 10 11 12 |
---------------+-------------------------------------+-----
Axes           | 3 4 5 6 8 9 11 13 15 16 | 16.9
Throwing       | 1 6 7 |  7.5
Fighting       | |  3.0
Armour         | |  1.7
Dodging        | |  1.7

Action                   |  1- 3 |  4- 6 |  7- 9 | 10-12 || total
-------------------------+-------+-------+-------+-------++-------
Melee: Hand axe          |   123 |   101 |       |   283 ||   507
       Punch             |     1 |     1 |     3 |     3 ||     8
       Touch             |     5 |     9 |    30 |    53 ||    97
       War axe           |       |     6 |   168 |    16 ||   190
       Battleaxe         |       |       |       |   173 ||   173
       Scimitar          |       |       |       |    18 ||    18
Throw: Stone             |     3 |       |       |    21 ||    24
       Boomerang         |       |       |    37 |    61 ||    98
       Dart              |       |       |       |    13 ||    13
Invok: Berserk           |     3 |     5 |    13 |    25 ||    46
Evoke: Wand              |       |       |     7 |     3 ||    10
  Use: Potion            |       |     5 |       |     5 ||    10
       Scroll            |       |       |       |    14 ||    14
 Stab: Sleeping          |     3 |     1 |     1 |       ||     5
Armor: Animal skin       |    22 |    10 |    10 |       ||    42
       Skin              |       |    23 |       |       ||    23
       Robe              |       |       |     9 |       ||     9
       Chain mail        |       |       |     7 |   210 ||   217
Dodge: Dodged            |    79 |    40 |    70 |   171 ||   360
Block: Other             |    33 |    17 |    28 |    97 ||   175
       Reflection        |       |       |     1 |     3 ||     4

Table legend: (Time is in decaauts)
 A = Elapsed time spent in this place.
 B = Non-inter-level travel time spent in this place.
 C = Inter-level travel time spent in this place.
 D = Time resting spent in this place.
 E = Time spent auto-exploring this place.
 F = Levels seen in this place.
 G = Mean time per level.
                   A        B        C        D        E       F      G
               +--------+--------+--------+--------+--------+-----+--------+
         Total |  17493 |  16610 |    883 |   6648 |   7897 |  12 | 1457.8 |
       Dungeon |  13198 |  12368 |    830 |   5067 |   5854 |   9 | 1466.4 |
          Lair |   4295 |   4243 |     52 |   1581 |   2043 |   3 | 1431.7 |
               +--------+--------+--------+--------+--------+-----+--------+

Top non-repeatable levels by time:
     D:9: 2107 daAuts
  Lair:1: 2094 daAuts
     D:7: 2047 daAuts
  Lair:2: 1747 daAuts
     D:8: 1735 daAuts
     D:4: 1521 daAuts
     D:1: 1318 daAuts
     D:5: 1312 daAuts
     D:6: 1221 daAuts
     D:2: 1147 daAuts
     D:3: 786 daAuts
  Lair:3: 453 daAuts
